Map: Terraform LE (Void)

Players

Eternity

  • Race: Terran Terran
  • League: Silver

Zombie - Winner!

  • Race: Zerg Zerg
  • League: Silver

VOD

Have the link to the VOD?

Description

Gold League Zerg Defending Proxy Barracks in LotV

Time

  • Played on: Oct. 31, 2015, 12:10 a.m.
  • Length: 10:15
Show
View Real Time Build Order
Export as new Build Order

Eternity Terran 

Build Orders:  

Get SALT Encoding   

  12  0:13  Supply Depot, SCV  
  13  0:26  SCV  
  14  0:38  Barracks  
  14  0:54  SCV  
  15  1:02  Barracks  
  15  1:04  Supply Depot  
  15  1:08  SCV  
  15  1:20  SCV  
  16  1:27  Marine  
  16  1:32  SCV  
  18  1:35  Supply Depot  
  18  1:45  Marine  
  19  1:51  Marine  
  20  1:59  Bunker  
  20  2:03  Marine  
  20  2:05  SCV  
  21  2:09  Marine  
  22  2:21  Marine  
  22  2:27  Marine  
  23  2:38  Marine  
  23  2:40  Bunker  
  23  2:41  SCV  
  25  2:44  Command Center  
  25  2:49  Refinery  
  24  3:01  SCV  
  24  3:03  Refinery  
  24  3:05  Marine  
  26  3:23  Marine  
  27  3:32  Marine  
  28  3:34  Orbital Command  
  28  3:40  Marine  
  28  3:57  Marine  
  28  3:58  Marine  
  28  3:59  Factory  
  30  4:11  Orbital Command  
  30  4:14  Marine  
  30  4:15  SCV  
  30  4:16  Marine  
  33  4:27  SCV  
  34  4:32  Marine  
  34  4:34  Marine  
  36  4:45  Factory Tech Lab  
  34  4:50  Marine  
  34  4:51  SCV x2  
  37  5:03  SCV  
  37  5:04  SCV  
  37  5:07  Barracks  
  39  5:09  Siege Tank  
  39  5:12  Supply Depot  
  39  5:13  Marine  
  43  5:27  Bunker  
  43  5:31  Marine  
  43  5:33  Orbital Command  
  44  5:58  Siege Tank  
  45  6:29  SCV x2  
  47  6:40  Supply Depot  
  47  6:41  SCV x2  
  47  6:45  Refinery  
  47  6:46  Supply Depot, Refinery  
  49  6:53  SCV  
  50  7:04  Supply Depot  
  50  7:11  Supply Depot  
  50  7:17  Marine  
  23  8:57  Orbital Command  
  23  9:05  Command Center  
  23  9:11  Siege Tank  
  25  9:43  Siege Tank  
Show
View Real Time Build Order
Export as new Build Order

Zombie Zerg - Winner!

Build Orders: Pool First 

Get SALT Encoding   

  12  0:01  Drone  
  13  0:12  Overlord  
  13  0:19  Drone  
  14  0:31  Drone x2  
  14  0:34  Drone  
  17  0:45  Drone  
  18  1:26  Drone x3  
  18  1:27  Spawning Pool  
  18  1:30  Extractor  
  19  1:51  Drone x2  
  21  2:12  Overlord  
  21  2:13  Overlord  
  20  2:25  Zergling x2  
  20  2:29  Queen  
  21  2:36  Zergling x2  
  21  2:51  Drone, Spine Crawler  
  17  2:58  Hatchery  
  17  3:01  Drone  
  18  3:12  Spine Crawler  
  17  3:15  Drone x2  
  17  3:16  Queen  
  21  3:25  Overlord  
  21  3:47  Drone  
  21  3:48  Drone  
  23  4:06  Drone  
  24  4:11  Drone x2  
  24  4:12  Drone, Extractor  
  24  4:14  Drone x2  
  28  4:19  Roach Warren  
  27  4:30  Drone  
  28  4:34  Zergling x4  
  28  4:35  Zergling x2  
  31  4:45  Queen  
  31  4:49  Lair  
  33  5:04  Roach x4  
  41  5:14  Overlord  
  41  5:21  Queen  
  41  5:28  Overlord x2  
  43  5:39  Drone  
  44  5:44  Spine Crawler  
  44  5:48  Queen  
  45  5:56  Nydus Network  
  48  6:25  Roach x3  
  48  6:26  Roach x3  
  54  6:37  Roach  
  54  6:38  Roach  
  58  7:06  Nydus Canal  
  58  7:12  Roach  
  58  7:13  Roach x4  
  60  8:06  Roach x4  
  55  8:50  Hatchery  
  52  9:03  Hydralisk Den  
  52  9:04  Ravager  
  52  9:27  Drone x3  
  52  9:28  Drone  
  52  9:29  Drone x4  
  57  9:47  Zergling x2  
Tags
 
Add a new tag
Caveats
  • Supply blocks, unpowered buildings, or Contaminate may cause inaccurate times.
  • Supply counts are checked every 10 seconds.